 Dungeon Crawl Stone Soup version 0.21-a0-228-g14ccbf3 (webtiles) character file.

302 mothman the Cudgeler (level 6, -1/51 HPs)
             Began as a Barachi Berserker on Aug 31, 2017.
             Was a Believer of Trog.
             Slain by an iguana (10 damage)
             ... on level 4 of the Dungeon.
             The game lasted 00:09:36 (2424 turns).

mothman the Cudgeler (Barachi Berserker)            Turns: 2424, Time: 00:09:37

Health: -1/51      AC:  6    Str: 20    XL:     6   Next: 37%
Magic:  6/6        EV: 12    Int:  7    God:    Trog [**....]
Gold:   160        SH:  0    Dex: 12    Spells: 5/5 levels left

rFire    . . .     SeeInvis .   m - -3 mace (curse)
rCold    . . .     Gourm    .   (no shield)
rNeg     . . .     Faith    .   f - +1 ring mail
rPois    .         Spirit   .   (no helmet)
rElec    .         Reflect  .   (no cloak)
rCorr    .         Harm     .   (no gloves)
MR       .....                  (no boots)
Stlth    +.........             (no amulet)
HPRegen  0.17/turn              (no ring)
MPRegen  0.10/turn              (no ring)

@: slow
A: +LOS, swims, slowness 1, strong legs 1
a: Hop, Berserk, Trog's Hand, Burn Spellbooks, Renounce Religion


You were on level 4 of the Dungeon.
You worshipped Trog.
Trog was pleased with you.
You were not hungry.

You visited 1 branch of the dungeon, and saw 4 of its levels.

You collected 160 gold pieces.

Inventory:

Hand Weapons
 a - a +0 mace
 m - a cursed -3 mace (weapon)
Armour
 f - a +1 ring mail (worn)
Jewellery
 j - an uncursed amulet of faith
Scrolls
 b - a scroll of magic mapping
 e - a scroll of identify
 h - a scroll of fear
 i - 2 scrolls of amnesia {unknown}
Potions
 c - 2 potions of berserk rage {unknown}
 d - 2 potions of flight
 g - 2 potions of lignification
 k - a potion of haste {unknown}
Comestibles
 l - a royal jelly
 o - 3 bread rations
 p - a meat ration


   Skills:
 + Level 5.1 Fighting
 * Level 5.5 Maces & Flails
 + Level 3.7 Armour
 + Level 3.5 Dodging


You had 5 spell levels left.
You didn't know any spells.

Dungeon Overview and Level Annotations

Branches:
Dungeon (4/15)
 Temple: D:4-7

Altars:


Innate Abilities, Weirdness & Mutations

Shadows flee at your approach. (+LOS)
You can swim through water.
You cover ground slowly.
You can hop short distances.


Message History

You are too injured to fight recklessly!
You are too injured to fight recklessly!
The iguana barely misses you.
You hit the iguana.
The iguana is lightly wounded.
The iguana barely misses you.
You closely miss the iguana.
The iguana is lightly wounded.
The iguana bites you!
* * * LOW HITPOINT WARNING * * *
The iguana hisses menacingly.
The iguana closely misses you.
You closely miss the iguana.
The iguana is lightly wounded.
The iguana bites you.
* * * LOW HITPOINT WARNING * * *
You sock the iguana!
The iguana is severely wounded.
The iguana bites you!
You die...

.# .. #.
#. #.###
##...#
####....#
+.....<.#
####..@l#
##.#.# ##
.# .# .#
.# .# .#
##


You could see an iguana.

Vanquished Creatures
  Sigmund (D:2)
  A hound (D:4)
  3 adders
  2 oozes
  A worm (D:3)
  2 dart slugs
  5 leopard geckos
  An orc (D:3)
  4 giant cockroaches
  6 hobgoblins
  3 quokkas
  8 bats
  4 frilled lizards
  2 goblins (D:1)
  7 kobolds
  18 rats
68 creatures vanquished.

Notes
Turn   | Place    | Note
-------+----------+-------------------------------------------
     0 | D:1      | mothman the Barachi Berserker began the quest for the Orb.
     0 | D:1      | Reached XP level 1. HP: 18/18 MP: 1/1
   112 | D:1      | Reached XP level 2. HP: 23/25 MP: 2/2
   481 | D:1      | Reached XP level 3. HP: 28/30 MP: 3/3
   879 | D:2      | Reached ** piety under Trog
  1266 | D:2      | Noticed Sigmund
  1280 | D:2      | Killed Sigmund
  1280 | D:2      | Reached skill level 5 in Maces & Flails
  1280 | D:2      | Reached XP level 4. HP: 28/38 MP: 4/4
  1280 | D:2      | Reached XP level 5. HP: 32/43 MP: 5/5
  1641 | D:2      | Reached XP level 6. HP: 48/50 MP: 6/6
  1878 | D:3      | Reached skill level 5 in Fighting
  2424 | D:4      | Slain by an iguana

Vault maps used:
D:1:      saegor_arrival_under_anarchy
D:2:      nicolae_underground_beach, uniq_sigmund
D:3:      first_bread, minmay_rat_hole
D:4:      cheibrodos_ashenzari_chains, uniq_blork_the_orc, uniq_edmund,
          uniq_robin

Skill      XL: |  1  2  3  4  5  6 |
---------------+-------------------+-----
Fighting       | 4 5 |  5.1
Maces & Flails | 4 5 |  5.5
Armour         | 3 |  3.7
Dodging        | 3 |  3.5

Action                   |  1- 3 |  4- 6 || total
-------------------------+-------+-------++-------
Melee: Mace              |   109 |   149 ||   258
Invok: Berserk           |     2 |     1 ||     3
       Trog's Hand       |     1 |       ||     1
 Abil: Hop               |     1 |       ||     1
  Use: Scroll            |       |     8 ||     8
  Eat: Bread ration      |     1 |       ||     1
       Chunk             |       |     5 ||     5
Armor: Animal skin       |     9 |       ||     9
       Ring mail         |    43 |    72 ||   115
Dodge: Dodged            |   103 |   132 ||   235

Table legend:
 A = Spawn XP
 B = Non-spawn XP
 C = Spawn XP percentage of total XP
 D = Spawn monster count
 E = Non-spawn monster count
 F = Spawn count percentage of total count
 G = Total turns spent on level
                    A         B        C        D         E        F      G
               +---------+---------+-------+---------+---------+-------+---------
         Total |      19 |     413 |   4.4 |       5 |      63 |   7.4 |  2424
               +---------+---------+-------+---------+---------+-------+---------
           D:1 |       8 |      32 |  20.0 |       2 |      17 |  10.5 |   824
           D:2 |       4 |     279 |   1.4 |       2 |      15 |  11.8 |  1015
           D:3 |       7 |      59 |  10.6 |       1 |      30 |   3.2 |   566
           D:4 |       0 |      43 |   0.0 |       0 |       1 |   0.0 |    19
               +---------+---------+-------+---------+---------+-------+---------
